AoeStats
← tony le gros rou

Arena

510167593Analyzed
4v4 RM · 1d ago on Sep 29, 2026· 22m 30s· 8 players
Game mode
Random Map
Map size
Large (8 player)
Population
200
Speed
Normal
Resources
Standard
Victory
Conquest
Starting age
Dark Age
Ending age
Imperial Age
RankedLock teamsTeams togetherTeam positionsShared explorationLock speedFull tech treeHidden civsTurbo modeCheats
Victory
Defeat
🇦🇷 Magyars · Argentina
1558
+14
🇨🇿 Vietnamese · Czechia
1507
+16
🇨🇭 Varangians · Switzerland
1500
+17
🇨🇴 Berbers · Colombia
1471
+18
🇫🇷 Britons · France
1575
-20
🇩🇪 Gurjaras · Germany
1512
-16
🇫🇷 Spanish · France
1492
-15
🇫🇷 Goths · France
1470
-14
PetersCZ
11:05 Feudal Age
10:34 Loom
15:00 Castle Age
Asator
11:00 Feudal Age
14:33 Castle Age
13:19 Double-Bit Axe
13:15 Horse Collar
15:18 Heavy Plow
15:31 Bow Saw
17:27 Light Cavalry
20:20 Loom
21:20 Scale Barding Armor
22:11 Wheelbarrow
ImPerez22
10:31 Feudal Age
14:13 Castle Age
12:29 Double-Bit Axe
13:36 Scale Barding Armor
19:53 Loom
19:54 Town Watch
23:04 Bow Saw
Iboomintowarelephants
5:42 Loom
8:20 Feudal Age
9:05 Double-Bit Axe
11:29 Fletching
11:46 Horse Collar
21:13 Castle Age
22:28 Bow Saw
La Momone 38
8:28 Loom
10:37 Feudal Age
14:55 Castle Age
16:53 Double-Bit Axe
18:26 Bow Saw
Flybidi
8:50 Feudal Age
13:21 Fletching
15:13 Padded Archer Armor
22:43 Castle Age
p0n0n0
9:13 Feudal Age
9:16 Loom
13:16 Castle Age
11:55 Double-Bit Axe
tony le gros rou
10:20 Feudal Age
15:40 Castle Age
Connection lost

Rejoining the realm…

Still unreachable

The connection could not be restored.

Session expired

The server has moved on; the page needs a fresh start.